Map: Hardwire LE

Players

Lambo - Winner!

  • Race: Zerg Zerg

DPGZest (Zest)

  • Race: Protoss Protoss
  • League: Master

VOD

Have the link to the VOD?

Description

Time

  • Played on: Oct. 21, 2021, 8:56 a.m.
  • Length: 9:07
Show
View Real Time Build Order
Export as new Build Order

Lambo Zerg - Winner!

Build Orders: Hatch First 

Get SALT Encoding   

  12  0:00  Drone  
  13  0:12  Overlord  
  13  0:16  Drone  
  14  0:31  Drone x2  
  16  0:43  Drone  
  17  0:51  Hatchery  
  17  0:54  Drone  
  17  0:58  Drone  
  18  1:09  Extractor  
  17  1:13  Spawning Pool  
  17  1:16  Drone  
  17  1:20  Drone  
  18  1:27  Drone  
  19  1:39  Drone  
  20  1:50  Overlord  
  20  2:00  Queen  
  22  2:04  Queen  
  22  2:05  Drone, Zergling x2  
  26  2:10  Metabolic Boost  
  26  2:14  Drone  
  26  2:15  Drone  
  28  2:25  Drone  
  28  2:26  Drone  
  30  2:33  Drone  
  30  2:35  Drone  
  32  2:40  Hatchery  
  31  2:46  Queen  
  31  2:48  Drone  
  34  2:52  Overlord  
  34  2:55  Drone  
  34  2:57  Drone  
  36  3:06  Overlord  
  36  3:10  Queen  
  39  3:12  Zergling x2  
  39  3:13  Drone x2  
  39  3:15  Drone  
  39  3:17  Drone  
  39  3:18  Drone  
  44  3:25  Drone  
  44  3:26  Drone  
  46  3:27  Queen  
  48  3:34  Drone  
  48  3:37  Drone x2  
  48  3:40  Drone  
  52  3:45  Overlord  
  52  3:47  Overlord  
  52  3:57  Spore Crawler  
  52  3:58  Spore Crawler  
  52  4:00  Overlord  
  52  4:02  Queen  
  50  4:03  Queen  
  50  4:04  Lair  
  50  4:06  Drone x2  
  50  4:09  Overlord  
  56  4:13  Drone x3  
  59  4:23  Drone x6  
  63  4:26  Drone  
  63  4:28  Extractor  
  63  4:29  Drone  
  63  4:30  Drone  
  65  4:32  Drone x2  
  65  4:35  Drone  
  65  4:36  Drone  
  65  4:37  Drone  
  70  4:42  Extractor  
  70  4:43  Drone, Baneling Nest  
  69  4:45  Drone  
  69  4:46  Drone  
  69  4:49  Extractor  
  69  4:52  Overlord  
  70  4:57  Zergling x4  
  70  4:58  Drone x2  
  74  5:01  Overlord  
  74  5:06  Hydralisk Den  
  74  5:07  Drone  
  73  5:08  Overlord  
  73  5:09  Drone  
  73  5:11  Drone x3  
  77  5:15  Extractor  
  77  5:16  Drone x3, Extractor  
  77  5:19  Drone  
  79  5:21  Drone  
  79  5:22  Drone  
  79  5:26  Spore Crawler  
  79  5:27  Drone  
  79  5:28  Drone x4  
  85  5:31  Overlord  
  85  5:36  Overlord x2  
  85  5:44  Grooved Spines, Hydralisk x4  
  85  5:46  Hydralisk  
  85  5:49  Overlord  
  95  5:50  Hydralisk  
  95  5:56  Hydralisk x2  
  100  6:00  Overlord  
  100  6:01  Hydralisk  
  100  6:02  Hydralisk  
  104  6:06  Hydralisk x2  
  108  6:12  Hydralisk x3  
  108  6:13  Zergling x2  
  108  6:18  Zergling x2  
  116  6:22  Zergling x6  
  119  6:26  Zergling x8  
  119  6:27  Zergling x2  
  119  6:32  Zergling x2  
  125  6:36  Zergling x2  
  125  6:37  Zergling x2  
  127  6:40  Baneling x6  
  127  6:43  Zergling x2  
  128  6:47  Zergling x6  
  128  6:51  Baneling  
  128  6:52  Baneling x15  
  128  6:53  Zergling x12  
  136  6:55  Muscular Augments  
  136  7:01  Zergling x2  
  137  7:06  Overlord  
  135  7:10  Zergling x6  
  135  7:11  Hatchery  
  135  7:14  Zergling x2  
  132  7:21  Zergling x16  
  137  7:24  Zergling x2  
  137  7:25  Queen x2  
  137  7:28  Hydralisk  
  137  7:29  Hydralisk  
  145  7:33  Hydralisk  
  136  7:39  Hydralisk x2  
  139  7:44  Hydralisk  
  139  7:47  Hydralisk x3  
  138  7:52  Hydralisk  
  138  7:53  Hydralisk  
  138  7:57  Queen  
  144  8:01  Hydralisk x2, Evolution Chamber x2, Queen  
  144  8:13  Infestation Pit, Hydralisk  
  144  8:15  Overlord  
  144  8:17  Baneling x3, Overlord  
  145  8:20  Overlord  
  145  8:21  Overlord  
  145  8:22  Hydralisk x3  
  145  8:25  Overlord  
  151  8:32  Baneling  
  151  8:33  Baneling x4  
  149  8:36  Hydralisk x5  
Show
View Real Time Build Order
Export as new Build Order

DPGZest Protoss 

Build Orders: 1 Gate Expand, Oracle Opening 

Get SALT Encoding   

  12  0:00  Probe  
  13  0:12  Probe  
  14  0:19  Pylon  
  14  0:24  Probe  
  15  0:37  Probe (Chrono Boost)  
  15  0:40  Gateway  
  16  0:47  Probe (Chrono Boost)  
  17  0:50  Assimilator  
  17  0:52  Probe (Chrono Boost)  
  18  1:03  Probe  
  19  1:15  Probe  
  20  1:26  Nexus  
  20  1:36  Cybernetics Core  
  20  1:39  Probe  
  21  1:44  Assimilator  
  21  1:52  Probe  
  22  1:54  Pylon  
  22  2:04  Probe (Chrono Boost)  
  23  2:13  Adept  
  23  2:14  Probe (Chrono Boost)  
  26  2:17  Stargate  
  26  2:19  Probe (Chrono Boost)  
  27  2:25  Warp Gate  
  27  2:32  Probe (Chrono Boost)  
  28  2:38  Probe (Chrono Boost)  
  28  2:43  Adept  
  32  2:48  Probe x2 (Chrono Boost)  
  33  2:52  Void Ray (Chrono Boost)  
  33  2:53  Probe (Chrono Boost)  
  33  2:55  Probe  
  35  3:04  Probe  
  40  3:07  Probe  
  40  3:09  Pylon  
  41  3:14  Gateway  
  41  3:16  Probe  
  41  3:19  Probe  
  43  3:25  Oracle (Chrono Boost)  
  43  3:28  Probe  
  43  3:31  Probe  
  48  3:45  Nexus  
  48  3:47  Probe x2  
  50  3:50  Pylon  
  50  3:57  Assimilator  
  50  3:59  Probe x2, Assimilator  
  52  4:11  Probe x2 (Chrono Boost)  
  52  4:12  Stargate  
  54  4:20  Protoss Air Weapons Level 1  
  54  4:22  Probe x2 (Chrono Boost)  
  56  4:27  Probe x2 (Chrono Boost), Void Ray (Chrono Boost)  
  56  4:28  Pylon  
  62  4:43  Forge  
  62  4:45  Pylon  
  62  4:46  Probe x2  
  62  4:50  Void Ray (Chrono Boost)  
  62  4:51  Shield Battery  
  64  4:57  Probe  
  64  4:58  Probe x2  
  71  5:09  Void Ray (Chrono Boost), Probe  
  71  5:10  Probe x2  
  71  5:11  Pylon  
  78  5:18  Photon Cannon  
  78  5:21  Probe (Chrono Boost)  
  78  5:22  Robotics Facility  
  78  5:27  Probe x2 (Chrono Boost), Assimilator  
  81  5:29  Assimilator  
  81  5:33  Probe (Chrono Boost)  
  84  5:37  Probe x2 (Chrono Boost)  
  84  5:38  Probe (Chrono Boost)  
  84  5:40  Pylon  
  85  5:47  Probe x2  
  85  5:48  Probe  
  85  5:49  Stargate  
  88  5:50  Fleet Beacon  
  88  5:51  Pylon  
  88  5:59  Probe x2  
  88  6:00  Probe  
  91  6:07  Gateway  
  91  6:08  Gateway  
  91  6:13  Observer (Chrono Boost)  
  91  6:15  Robotics Bay  
  92  6:19  Nexus  
  92  6:21  Pylon  
  92  6:23  Probe x2, Pylon  
  94  6:25  Probe  
  94  6:26  Observer (Chrono Boost)  
  96  6:34  Photon Cannon x2  
  96  6:35  Photon Cannon  
  96  6:42  Carrier (Chrono Boost)  
  108  6:47  Carrier (Chrono Boost)  
  108  6:50  Shield Battery, Pylon  
  108  6:55  Sentry x2, Void Ray (Chrono Boost)  
  116  7:02  Sentry  
  118  7:11  Shield Battery  
  114  7:22  Stalker x2  
  115  7:26  Void Ray (Chrono Boost)  
  115  7:30  Void Ray (Chrono Boost)  
  119  7:43  Void Ray (Chrono Boost)  
  111  7:54  Shield Battery  
  111  8:00  Pylon  
  111  8:02  Void Ray (Chrono Boost)  
  115  8:06  Adept  
  115  8:07  Pylon  
  115  8:09  Pylon  
  115  8:11  Pylon x2  
  115  8:12  Void Ray  
  117  8:15  Pylon, Gateway  
  117  8:16  Gateway  
  117  8:18  Void Ray, Gateway  
  117  8:19  Gateway  
  121  8:20  Shield Battery  
  125  8:36  Pylon  
  125  8:38  Pylon  
Tags
 
Add a new tag
Caveats
  • Supply blocks, unpowered buildings, or Contaminate may cause inaccurate times.
  • Supply counts are checked every 10 seconds.